 Dungeon Crawl Stone Soup version 0.31-a0-1163-gcee99d1eea (webtiles) character file.

Game seed: 4163347683297408498

67 James the Ruffian (level 4, -5/28 HPs)
             Began as an Octopode Shapeshifter on Dec 9, 2023.
             Slain by a gnoll
             ... wielding a +0 club
              (7 damage)
             ... on level 1 of the Dungeon.
             The game lasted 00:02:38 (1210 turns).

James the Ruffian (Octopode Shapeshifter)           Turns: 1210, Time: 00:02:39

Health: -5/28      AC:  1    Str: 15    XL:     4   Next: 18%
Magic:  0/4        EV: 13    Int: 12    God:
Gold:   39         SH:  0    Dex: 11    Spells: 3/3 levels left

rFire   . .          .
                       - Unarmed
rCold   . . .        (no shield)
rNeg    + . .        (helmet currently unavailable)
rPois   .            n - amulet of guardian spirit
rElec   .            e - ring of resist corrosion
rCorr   +            m - ring of positive energy
SInv    .            (no ring)
Will    .....        (no ring)
Stlth   ++           (no ring)
HPRegen 0.24/turn    (no ring)
MPRegen 0.09/turn    (no ring)
                     (no ring)

%: guardian spirit
@: beast-form
A: beast (slay +1), almost no armour, amphibious, 8 rings, camouflage 1,
gelatinous body 1, (nimble swimmer 1), tentacles
a: Begin Untransformation


You were on level 1 of the Dungeon.
You were a hulking beast.
You visited 1 branch of the dungeon, and saw 2 of its levels.

You collected 39 gold pieces.

Inventory:

Missiles
 d - 2 stones
 k - 7 poisoned darts
Jewellery
 e - a ring of resist corrosion (left tentacle)
   (You found it on level 1 of the Dungeon)
 m - a ring of positive energy (right tentacle)
   (You found it on level 2 of the Dungeon)
 n - an amulet of guardian spirit (around mantle)
   (You found it on level 2 of the Dungeon)
Talismans
 b - a beast talisman
 c - a flux talisman
 o - a serpent talisman
   (You found it on level 2 of the Dungeon)
Scrolls
 f - a scroll of identify {unknown}
 g - a scroll of revelation {unknown}
 p - a scroll of enchant armour {unknown}
Potions
 a - 2 potions of lignification {!q}
 h - a potion of brilliance {unknown}
 i - 2 potions of haste {unknown}
 j - a potion of attraction {unknown}
 l - a potion of magic {unknown}


   Skills:
 - Level 1.0 Fighting
 - Level 2.0 Dodging
 + Level 4.9 Unarmed Combat
 - Level 3.0 Shapeshifting


You had 3 spell levels left.
You didn't know any spells.
Your spell library was empty.

Dungeon Overview and Level Annotations

Branches:
Dungeon (2/15)

Altars:
Yredelemnul


Innate Abilities, Weirdness & Mutations

You are a hulking beast.
Your limbs bulge with bestial killing power. (Slay +1)
You cannot wear most types of armour.
You are amphibious.
You can wear up to eight rings at the same time.
Your skin changes colour to match your surroundings (Stealth+).
Your rubbery body absorbs attacks. (AC +1, EV +1)
((You are camouflaged when in or above water. (Stealth+)))
You have tentacles for arms and can constrict up to eight enemies at once.


Message History

The frilled lizard bites you.
You barely miss the frilled lizard. Your grab misses the frilled lizard.
You barely miss the frilled lizard. Your grab misses the frilled lizard.
You squeeze the frilled lizard.
You kill the frilled lizard!
No target in view!
No target in view!
You open the door.
A ball python comes into view.
There is an open door here.
The ball python hisses angrily.
The ball python closely misses you. The ball python grabs you.
The ball python constricts you.
You tentacle-slap the ball python. You grab the ball python.
You constrict the ball python.
You kill the ball python!
No target in view!
You see here a +0 leather armour.
You open the door. 2 gnolls come into view.
The gnoll shouts!
The gnoll attacks as it pursues you!
The gnoll hits you from afar with a +0 halberd.
There is an open door here.
The gnoll attacks as it pursues you!
The gnoll hits you from afar with a +0 halberd!
* * * LOW HITPOINT WARNING * * *
There is an open door here.
There is a stone staircase leading up here.
You climb upwards.
There is a stone staircase leading down here.
You start resting.
You climb downwards.
The gnoll barely misses you.
There is a stone staircase leading up here.
The gnoll barely misses you. The gnoll hits you with a +0 halberd!
You climb upwards.
There is a stone staircase leading down here.
You barely miss the gnoll. Your grab misses the gnoll.
The gnoll hits you with a +0 halberd!
* * * LOW HITPOINT WARNING * * *
The gnoll hits you with a +0 club.
* * * LOW HITPOINT WARNING * * *
You tentacle-slap the gnoll. You grab the gnoll. You constrict the gnoll.
The gnoll barely misses you. x2
You tentacle-slap the gnoll. You constrict the gnoll. The gnoll misses you.
The gnoll barely misses you.
You bludgeon the gnoll!
You kill the gnoll!
The gnoll hits you with a +0 club!
You die...

#...# ##...## #######
####.....##### #......
##...........# #.#####
..........[#.############
#......
##............##........#
#......
#####......#.#.#.######.#
#..#.##
#.....##.##..######.#
#......
#.....##....h)...##.#
#..#.##
####..#####.g###.##.#
#......
#.#.###.#.###.##.#
#......
##'##...##........#
######.
##...##########†...## #.
##.....## ###.###.## #. #
##.......## ##..## ##.#
##. ####.........####...#
#.#####..
...'....)....+......##
##...>....


You could see a gnoll.

Vanquished Creatures
  A hound (D:2)
  A gnoll (D:1)
  A worm (D:2)
  A dart slug (D:1)
  3 ball pythons
  3 endoplasms
  2 giant cockroaches
  3 goblins
  A hobgoblin (D:2)
  4 jackals (D:2)
  2 kobolds (D:1)
  A quokka (D:1)
  3 bats (D:2)
  2 frilled lizards
  3 rats
31 creatures vanquished.

Notes
Turn   | Place    | Note
-------+----------+-------------------------------------------
     0 | D:1      | James the Octopode Shapeshifter began the quest for the
                  | Orb.
     0 | D:1      | Reached XP level 1. HP: 13/13 MP: 1/1
   444 | D:1      | Reached XP level 2. HP: 11/18 MP: 2/2
   879 | D:2      | Reached skill level 4 in Unarmed Combat
   886 | D:2      | Reached XP level 3. HP: 23/23 MP: 3/3
  1006 | D:2      | Found a basalt altar of Yredelemnul.
  1057 | D:2      | Reached XP level 4. HP: 28/28 MP: 4/4
  1079 | D:2      | Identified the +1 chain mail of the Tentacled Wumpus
                  | {Rampage rC+ rN+ Stlth-}
  1207 | D:1      | HP: 1/28 [gnoll/+0 club (5)]
  1210 | D:1      | Slain by a gnoll

Illustrated notes

Levels and vault maps discovered:
D:1:      lightli_iron_boxes, layout_loops_corners
D:2:      layout_basic, basic_altar, minmay_quadrilaterals

Skill      XL: |  1  2 |
---------------+-------+-----
Unarmed Combat | 4 |  4.9
Fighting       | |  1.0
Dodging        | |  2.0
Shapeshifting  | |  3.0

Action                     |  1- 3 |  4- 6 || total
---------------------------+-------+-------++-------
  Melee: Unarmed           |    44 |    14 ||    58
         Constrict         |     8 |     3 ||    11
         Tentacles         |     5 |     1 ||     6
         Punch             |     1 |       ||     1
   Stab: Sleeping          |     5 |     3 ||     8
 Armour: Skin              |     9 |     7 ||    16
  Dodge: Dodged            |    20 |     8 ||    28

Table legend: (Time is in decaauts)
 A = Elapsed time spent in this place.
 B = Non-inter-level travel time spent in this place.
 C = Inter-level travel time spent in this place.
 D = Time resting spent in this place.
 E = Time spent auto-exploring this place.
 F = Levels seen in this place.
 G = Mean time per level.
                   A        B        C        D        E       F      G
               +--------+--------+--------+--------+--------+-----+--------+
         Total |   1205 |   1178 |     27 |     67 |    847 |   2 |  602.5 |
       Dungeon |   1205 |   1178 |     27 |     67 |    847 |   2 |  602.5 |
               +--------+--------+--------+--------+--------+-----+--------+

Top non-repeatable levels by time:
     D:1: 910 daAuts
     D:2: 295 daAuts
